 Dungeon Crawl Stone Soup version 0.31.0-12-g77e489cdc1 (webtiles) character file.

Game seed: 3064752906666457851

33411 Curundu the Severer (level 13, -1/122 HPs)
             Began as a Minotaur Berserker on Feb 28, 2024.
             Was an Elder of Trog.
             Succumbed to a green ugly thing's poison
             ... on level 14 of the Dungeon.
             The game lasted 00:38:25 (13438 turns).

Curundu the Severer (Minotaur Berserker)           Turns: 13438, Time: 00:38:25

Health: -1/122     AC: 24    Str: 25    XL:     13   Next: 36%
Magic:  12/12      EV: 25    Int:  4    God:    Trog [****..]
Gold:   900        SH:  0    Dex: 12    Spells: 12/12 levels left

rFire   . . .        w - +1 war axe
rCold   . . .        (no shield)
rNeg    . . .        E - +0 plate armour
rPois   .            (helmet restricted)
rElec   .            y - +0 cloak
rCorr   .            L - +0 pair of gloves
SInv    .            (no boots)
Will    ++...        Q - amulet of the acrobat Stlth
                     i - +4 ring of slaying
HPRegen 1.40/turn    f - +4 ring of protection
MPRegen 0.13/turn

%: acrobat
@: lethally poisoned (-1 -> -7), strong-willed, on berserk cooldown, acrobatic,
regenerating, slowed, very slow
A: horns 2, retaliatory headbutt
a: Renounce Religion, Berserk, Trog's Hand, Brothers in Arms


You were on level 14 of the Dungeon.
You worshipped Trog.
Trog was greatly pleased with you.
You visited 1 branch of the dungeon, and saw 14 of its levels.

You collected 1017 gold pieces.
You spent 117 gold pieces at shops.

Inventory:

Hand Weapons
 w - a +1 war axe (weapon)
Missiles
 r - 11 silver javelins (quivered)
 v - 13 boomerangs
 N - 2 throwing nets
Armour
 o - a scarf of repulsion
 y - a +0 cloak (worn)
 E - a +0 plate armour (worn)
 L - a +0 pair of gloves (worn)
Jewellery
 f - a +4 ring of protection (right hand)
 i - a +4 ring of slaying (left hand)
 p - a ring of resist corrosion
 t - a ring of see invisible
 O - a +6 ring of dexterity
 Q - an amulet of the acrobat (around neck)
Wands
 m - a wand of charming (41)
 F - a wand of mindburst (9)
 G - a wand of quicksilver (15)
 I - a wand of polymorph (15)
 J - a wand of flame (26)
 K - a wand of roots (4)
Scrolls
 a - 2 scrolls of identify
 b - 2 scrolls of brand weapon {unknown}
 d - a scroll of blinking
 k - 5 scrolls of teleportation
 l - a scroll of enchant weapon
 u - 2 scrolls of enchant armour
 x - 2 scrolls of fear
 M - 2 scrolls of fog
 P - a scroll of torment {unknown}
Potions
 c - 2 potions of magic {unknown}
 e - a potion of cancellation {unknown}
 g - 3 potions of degeneration {unknown}
 h - 5 potions of haste
 j - 4 potions of mutation
 n - 3 potions of attraction {unknown}
 q - 4 potions of curing
 s - 2 potions of heal wounds {unknown}
 z - 5 potions of lignification
 A - 2 potions of enlightenment {unknown}


   Skills:
 + Level 13.5 Fighting
 + Level 17.3 Axes
 + Level 0.6 Throwing
 * Level 15.2 Armour
 + Level 6.9 Dodging
 + Level 2.0 Stealth
 + Level 1.3 Unarmed Combat


You had 12 spell levels left.
You didn't know any spells.
Your spell library was empty.

Dungeon Overview and Level Annotations

Branches:
Dungeon (14/15)            Temple (0/1) D:4            Lair (0/5) D:10
    Orc (0/2) D:12         Vaults (0/5) D:13

Altars:
Ashenzari
Cheibriados
Dithmenos
Elyvilon
Fedhas
Gozag
Kikubaaqudgha
Makhleb
Sif Muna
Trog
Uskayaw
Vehumet
Wu Jian
Yredelemnul
Zin

Shops:
D:9 [

Annotations:
D:7 2 transporters, exclusion: ice statue, Silvore's ghost, novice MiFi


Innate Abilities, Weirdness & Mutations

You have a pair of horns on your head.
You reflexively headbutt those who attack you in melee.


Message History

The green ugly thing is heavily wounded.
You hit the brown ugly thing.
* * * LOW HITPOINT WARNING * * *
You feel very sick.
The brown ugly thing pecks you but does no damage.
The green ugly thing kicks you but does no damage.
You slash the green ugly thing! You headbutt the green ugly thing!
The green ugly thing is almost dead.
You slash the brown ugly thing!
* * * LOW HITPOINT WARNING * * *
You feel very sick.
You slash the green ugly thing! You headbutt the green ugly thing.
You kill the green ugly thing!
Trog accepts your kill.
You hit the brown ugly thing.
* * * LOW HITPOINT WARNING * * *
You feel very sick.
The brown ugly thing pecks you but does no damage.
You slice the brown ugly thing!!
You kill the brown ugly thing!
Trog accepts your kill.
* * * LOW HITPOINT WARNING * * *
You feel very sick.
* * * LOW HITPOINT WARNING * * *
You feel very sick.
You see here an ugly thing corpse.
Unknown command.
You feel a strong urge to attack something.
* * * LOW HITPOINT WARNING * * *
You feel very sick.
Unknown command.
* * * LOW HITPOINT WARNING * * *
You feel very sick.
You feel your anger nearly subside.
* * * LOW HITPOINT WARNING * * *
You feel very sick.
You are no longer berserk.
You are exhausted.
You feel yourself slow down.
You die...

..... .....
.....
#######+####....
...............
............#
........†...#
.......@...<#
............#
###+#.......#
#..........
#...........
#............
########.....
.....


There were no monsters in sight!

Vanquished Creatures
  Kirke (D:13)
  Frances (D:13)
  A vault guard (D:13)
  2 hydras (D:13)
  2 centaur warriors (D:13)
  A boulder beetle (D:11)
  2 two-headed ogres (D:12)
  A flayed ghost (D:12)
  2 orc knights
  3 deep elf pyromancers
  9 cyclopes
  10 ugly things
  A salamander (shapeshifter) (D:12)
  3 manticores
  A gargoyle (D:11)
  Maggie (D:9)
  5 kobold demonologists
  A tengu conjurer (D:13)
  4 trolls
  5 slime creatures (D:12)
  2 shadows (D:11)
  3 wraiths
  A hog (D:13)
  23 yaks
  6 wyverns
  2 basilisks (D:12)
  Eustachio (D:4)
  4 vampire mosquitoes
  Duvessa (D:7)
  3 acid dragons
  A water moccasin (D:10)
  10 orc warriors
  2 ice beasts (D:6)
  2 black bears
  An ogre (D:5)
  9 centaurs
  4 kobold brigands (D:11)
  7 bullfrogs
  2 gnoll sergeants (D:10)
  4 scorpions
  3 wights (D:8)
  Dowan (D:7)
  7 killer bees
  3 bombardier beetles
  3 howler monkeys
  9 orc priests
  4 jellies
  A gnoll bouda (D:7)
  Jessica (D:2)
  4 iguanas
  Ijyb (D:3)
  13 orc wizards
  16 gnolls
  4 adders
  A shadow imp (D:7)
  4 ufetubi
  A ribbon worm (D:2)
  55 orcs
  5 endoplasms
  4 giant cockroaches
  3 goblins
  3 hobgoblins
  4 jackals (D:1)
  6 kobolds
  2 quokkas
  4 ball pythons
  4 bats
  4 frilled lizards
  3 rats (D:2)
317 creatures vanquished.

Vanquished Creatures (others)
  A human (D:13)
  An orc (D:8)
2 creatures vanquished.

Grand Total: 319 creatures vanquished

Notes
Turn   | Place    | Note
-------+----------+-------------------------------------------
     0 | D:1      | Curundu the Minotaur Berserker began the quest for the Orb.
     0 | D:1      | Reached XP level 1. HP: 19/19 MP: 0/0
   273 | D:1      | Reached skill level 4 in Axes
   273 | D:1      | Reached XP level 2. HP: 24/27 MP: 1/1
  1107 | D:2      | Reached XP level 3. HP: 33/33 MP: 2/2
  1355 | D:2      | Noticed Jessica
  1362 | D:2      | Killed Jessica
  1362 | D:2      | Reached ** piety under Trog
  1824 | D:3      | Noticed Ijyb
  1833 | D:3      | Killed Ijyb
  1834 | D:3      | Reached XP level 4. HP: 36/41 MP: 3/3
  1975 | D:3      | Found a hide-covered altar of Uskayaw.
  2318 | D:3      | Found a basalt altar of Yredelemnul.
  2423 | D:4      | Reached skill level 5 in Axes
  2423 | D:4      | Reached XP level 5. HP: 47/47 MP: 4/4
  2581 | D:4      | Noticed Eustachio
  2602 | D:4      | Killed Eustachio
  2603 | D:4      | Reached skill level 5 in Fighting
  2603 | D:4      | Reached XP level 6. HP: 20/56 MP: 5/5
  2689 | D:4      | Reached skill level 6 in Axes
  2927 | D:4      | Found an opulent altar of Gozag.
  3135 | D:4      | Found a staircase to the Ecumenical Temple.
  3200 | D:4      | Found an ornate altar of the Wu Jian Council.
  3270 | D:4      | Found a radiant altar of Vehumet.
  3295 | D:5      | Entered Level 5 of the Dungeon
  3332 | D:5      | Reached skill level 5 in Dodging
  3332 | D:5      | Reached XP level 7. HP: 62/62 MP: 6/6
  3377 | D:5      | Found a faded altar of an unknown god.
  3377 | D:5      | Noticed a wraith
  3377 | D:5      | Found the Hermit's Pendant {Faith Invo=14 Evo=0 MP+5}
  3386 | D:5      | Killed a wraith
  3387 | D:5      | Reached skill level 7 in Axes
  3387 | D:5      | Reached skill level 1 in Stealth
  3447 | D:5      | Found an ancient bone altar of Kikubaaqudgha.
  4174 | D:6      | Reached skill level 8 in Axes
  4174 | D:6      | Reached XP level 8. HP: 37/71 MP: 7/7
  4185 | D:6      | Reached *** piety under Trog
  4411 | D:6      | Found a burning altar of Makhleb.
  4581 | D:6      | Reached skill level 9 in Axes
  4706 | D:7      | Found a transporter.
  4711 | D:7      | Noticed Silvore's ghost (novice MiFi)
  4712 | D:7      | Noticed an ice statue
  4714 | D:7      | Noticed a two-headed ogre
  4753 | D:7      | Noticed a troll
  4754 | D:7      | Noticed a deep elf pyromancer
  5109 | D:7      | Found a transporter.
  5297 | D:7      | Noticed Duvessa
  5298 | D:7      | Noticed Dowan
  5299 | D:7      | Reached XP level 9. HP: 75/79 MP: 8/8
  5301 | D:7      | Found a broken altar of Ashenzari.
  5304 | D:7      | Killed Duvessa
  5305 | D:7      | Reached skill level 10 in Axes
  5305 | D:7      | Reached skill level 5 in Armour
  5307 | D:7      | Killed Dowan
  5503 | D:7      | Found a glowing silver altar of Zin.
  5962 | D:8      | Reached skill level 11 in Axes
  6443 | D:9      | Found a snail-covered altar of Cheibriados.
  6486 | D:9      | Reached skill level 12 in Axes
  6492 | D:9      | Reached XP level 10. HP: 15/90 MP: 9/9
  6941 | D:9      | Noticed Maggie
  6956 | D:9      | Killed Maggie
  7151 | D:9      | Found a bloodstained altar of Trog.
  7301 | D:9      | Found Mixoraff's Antique Armour Boutique.
  7309 | D:9      | Bought a pair of gloves for 117 gold pieces
  7550 | D:9      | Reached **** piety under Trog
  7732 | D:10     | Entered Level 10 of the Dungeon
  7792 | D:10     | Reached skill level 13 in Axes
  7996 | D:10     | Found a blossoming altar of Fedhas.
  8159 | D:10     | Found a shadowy altar of Dithmenos.
  8166 | D:10     | Noticed an orc knight
  8183 | D:10     | Killed an orc knight
  8358 | D:10     | Found a staircase to the Lair.
  8389 | D:10     | Reached skill level 10 in Armour
  8498 | D:10     | Reached skill level 10 in Fighting
  8498 | D:10     | Reached XP level 11. HP: 98/99 MP: 10/10
  8586 | D:10     | Found a shimmering blue altar of Sif Muna.
  8707 | D:10     | Found a white marble altar of Elyvilon.
  9403 | D:11     | Noticed a deep elf pyromancer
  9406 | D:11     | Reached skill level 14 in Axes
  9445 | D:11     | Killed a deep elf pyromancer
  9620 | D:11     | Noticed a boulder beetle
  9631 | D:11     | Killed a boulder beetle
  9636 | D:11     | Reached ***** piety under Trog
  9694 | D:11     | Noticed a purple ugly thing
  9704 | D:11     | Killed a purple ugly thing
 10420 | D:12     | Noticed a cyan ugly thing
 10427 | D:12     | Killed a cyan ugly thing
 10521 | D:12     | Found a staircase to the Orcish Mines.
 10605 | D:12     | Reached skill level 15 in Axes
 10605 | D:12     | Reached XP level 12. HP: 109/110 MP: 11/11
 10740 | D:12     | Noticed a two-headed ogre
 10751 | D:12     | Noticed a two-headed ogre
 10755 | D:12     | Killed a two-headed ogre
 10766 | D:12     | Killed a two-headed ogre
 10767 | D:12     | Reached skill level 16 in Axes
 11311 | D:12     | You fall into a shaft and drop 1 floor!
 11418 | D:12     | Received a gift from Trog
 11949 | D:13     | Noticed a centaur warrior
 11960 | D:13     | Killed a centaur warrior
 12088 | D:13     | Reached skill level 17 in Axes
 12100 | D:13     | Noticed Kirke
 12119 | D:13     | Killed Kirke
 12120 | D:13     | Reached XP level 13. HP: 121/122 MP: 12/12
 12168 | D:13     | Identified the +1 battleaxe "Veloggy" {vamp, rElec Str+3}
 12500 | D:13     | Noticed Frances
 12521 | D:13     | Killed Frances
 12916 | D:13     | Found a gate to the Vaults.
 13033 | D:13     | Reached skill level 1 in Unarmed Combat
 13429 | D:14     | Reached skill level 15 in Armour
 13434 | D:14     | HP: 8/183 [poisoned by a green ugly thing]
 13437 | D:14     | HP: 2/183 [poisoned by a green ugly thing]
 13438 | D:14     | Succumbed to a green ugly thing's poison

Illustrated notes

Levels and vault maps discovered:
D:1:      nzn_arrival_settlement, layout_basic, serial_bayou,
          serial_bayou_lagoon_a, serial_bayou_pond_b, serial_bayou_pond_d,
          serial_bayou_lake_a, serial_bayou_crossing
D:2:      layout_loops_corners, kennysheep_nub, uniq_jessica
D:3:      layout_rooms, nicolae_uskayaw_dance_hall,
          mainiacjoe_overflow_six_doors_small, minivault_26, uniq_ijyb
D:4:      layout_gridville, nicolae_gozag_cash_rules_everything_around_me,
          lemuel_coloured_pillars_altar, kennysheep_little_box,
          minmay_temple_entry_nine_rooms, uniq_eustachio
D:5:      layout_loops_ring, amcnicky_altar_gilded,
          hellmonk_guarded_unrand_hermit
D:6:      layout_basic, bloody_makhleb, nicolae_the_louvre
D:7:      layout_loops_corners, mainiacjoe_overflow_cross_hatched,
          cheibrodos_ashenzari_chains, nzn_ghost_randoct, uniq_duvessa
D:8:      layout_gridville
D:9:      layout_gridville, mainiacjoe_overflow_24_doors, slow_altar_1,
          serial_shops, shop, uniq_maggie
D:10:     layout_gridville, led_sif_pool, lemuel_tele_altar,
          mainiacjoe_overflow_surrounded_room, nicolae_overflow_hidden_temple,
          due_lair_maze_entry_diamond, minivault_27,
          nicolae_concentric_dashed_squares_wild
D:11:     minmay_ornate_pinched, layout_cave_pools
D:12:     layout_basic, orc_0_dummy, nzn_random_ring
D:13:     layout_roguey, david_vaults_5, dk_noncrumbling_4, uniq_kirke,
          uniq_frances
D:14:     layout_gridville, hangedman_decor_opposing

Skill      XL: |  1  2  3  4  5  6  7  8  9 10 11 12 13 |
---------------+----------------------------------------+-----
Axes           | 4 5 6 8 9 12 13 15 17 | 17.3
Fighting       | 4 5 6 7 8 10 11 13 | 13.5
Dodging        | 3 4 5 6 |  6.9
Stealth        | 1 2 |  2.0
Armour         | 3 4 7 10 12 14 15 | 15.2
Unarmed Combat | 1 |  1.3
Throwing       | |  0.6

Action                     |  1- 3 |  4- 6 |  7- 9 | 10-12 | 13-15 || total
---------------------------+-------+-------+-------+-------+-------++-------
  Melee: Hand axe          |    67 |    67 |   118 |       |       ||   252
         Headbutt          |    10 |    13 |    49 |   108 |    18 ||   198
         Punch             |       |       |     6 |     7 |       ||    13
         War axe           |       |       |    93 |   470 |    46 ||   609
         Unarmed           |       |       |       |       |    15 ||    15
  Throw: Javelin           |       |       |       |     2 |       ||     2
 Invoke: Trog's Hand       |     1 |     3 |     6 |     9 |     3 ||    22
         Berserk           |       |       |       |     2 |     4 ||     6
    Use: Scroll            |       |       |     8 |    10 |       ||    18
 Armour: Animal skin       |    41 |    53 |    16 |       |       ||   110
         Chain mail        |       |       |    68 |       |       ||    68
         Plate armour      |       |       |    98 |   393 |    86 ||   577
  Dodge: Dodged            |    43 |    57 |   100 |   241 |    32 ||   473
         Repelled          |       |     1 |       |     2 |       ||     3
